 Dungeon Sprint DCSS version 0.17-a0-1262-gd250d98 (webtiles) character file.

1692 Hipnos the Imperceptible (level 9, -15/62 HPs)
             Began as an Octopode Assassin on June 7, 2015.
             Was an Initiate of Yredelemnul.
             Shot with an arrow by a centaur warrior (27 damage)
             ... in the Dungeon (Sprint I: "Red Sonja").
             The game lasted 00:03:37 (182 turns).

Hipnos the Imperceptible (Octopode Assassin)         Turns: 182, Time: 00:03:37

Health: -15/62     AC:  1    Str: 10    XL:     9   Next: 2%
Magic:  9/9        EV: 13    Int: 13    God:    Yredelemnul [......]
Gold:   243        SH:  0    Dex: 17    Spells: 0 memorised, 8 levels left

rFire  . . .     SeeInvis .     b - +0 blowgun
rCold  . . .     Clarity  .     (no shield)
rNeg   . . .     SustAt   .     (helmet restricted)
rPois  .         Gourm    .     (no amulet)
rElec  .         Spirit   .     (no ring)
rCorr  .         Warding  .     (no ring)
rMut   .         NoTele   +     (no ring)
MR     .....                    (no ring)
Stlth  +++++++++.               (no ring)
                                (no ring)
                                (no ring)
                                (no ring)

@: not resistant to hostile enchantments, incredibly stealthy
A: almost no armour, amphibious, 8 rings, constrict 8, camouflage 1, gelatinous
body 1
a: Renounce Religion


You were in the Dungeon.
You worshipped Yredelemnul.
Yredelemnul was noncommittal.
You were not hungry.

You visited 1 branch You collected 243 gold pieces.

Inventory:

Hand weapons
 a - a +2 dagger
 b - a +0 blowgun (weapon)
 o - a +0 dagger of venom
Missiles
 c - 7 poisoned needles
 d - 10 curare-tipped needles (quivered)
Scrolls
 k - a scroll of blinking
Potions
 f - a potion of curing
 h - a potion of haste
 i - 2 potions of magic
 j - a potion of berserk rage
 l - a potion of flight {unknown}
 n - a potion of invisibility {unknown}
Comestibles
 e - a bread ration
 m - 4 chunks of flesh
 p - a meat ration


   Skills:
 + Level 6.1 Fighting
 + Level 6.5 Short Blades
 + Level 5.3 Throwing
 + Level 2.1 Dodging
 + Level 21.6 Stealth


You had 8 spell levels left.
You didn't know any spells.

Dungeon Overview and Level Annotations

Branches:
Dungeon (1/1)

Altars:
Cheibriados
Dithmenos
Elyvilon
Fedhas
Gozag
Kikubaaqudgha
Makhleb
Nemelex Xobeh
Okawaru
Qazlal
Ru
Sif Muna
Trog
Vehumet
Xom
Yredelemnul
Zin
The Shining One
Jiyva

Shops:
D }


Innate Abilities, Weirdness & Mutations

You cannot wear most types of armour.
You are amphibious.
You can wear up to eight rings at the same time.
You can use your tentacles to constrict eight enemies at once.
Your skin changes colour to match your surroundings (Stealth).
Your rubbery body absorbs attacks (AC +1).


Message History

Firing (i - inventory. (,) - cycle):
c - 8 poisoned needles (quivered)
Press: ? - help, Shift-Dir - straight line, f - centaur warrior
Aim: a centaur warrior, wielding a longbow You shoot a poisoned needle.
The poisoned needle completely misses the centaur warrior.
The centaur warrior shouts!
Quivering
d - 11 curare-tipped needles for blowguns.
Firing (i - inventory. (,) - cycle):
d - 11 curare-tipped needles (quivered)
Press: ? - help, Shift-Dir - straight line, f/p - centaur warrior
Aim: a centaur warrior, wielding a longbow You shoot a curare-tipped needle.
The curare-tipped needle hits the centaur warrior.
The centaur warrior is poisoned.
The centaur warrior convulses.
The centaur warrior seems to slow down.
The centaur warrior is lightly wounded.
The centaur warrior hits you with a shortbow!
* * * LOW HITPOINT WARNING * * *
The centaur warrior shoots an arrow.
The arrow hits you!!
You die...
Your body rises from the dead as a mindless zombie.

######################
#<.#.['..#.)'..#__#..+
#..'..#.)'..#..'..'..#
#..#####+#####'#__####
#..#### #(####[§#
#..#__#### ##@#≈§§§.#
#..#_..__##+#..c§≈§.c+
#⌠⌠#_.∩..÷'..c_#≈≈§.§#
####_..._##_.#+##'####
#_____###(# #((![#
#########.####c###
+$..'c(($$+
#()c####### ##.##


You could see 2 centaur warriors.

Vanquished Creatures
  Sonja (D)
  A deep troll (D)
  A slime creature (D)
  Sigmund (D)
  A yak (D)
  An ogre (D)
  Ijyb (D)
  A jelly (D)
8 creatures vanquished.

Notes
Turn   | Place    | Note
--------------------------------------------------------------
     0 | D        | Hipnos the Octopode Assassin began the quest for the Orb.
     0 | D        | Reached XP level 1. HP: 14/14 MP: 1/1
     4 | D        | Noticed Ijyb
     8 | D        | Killed Ijyb
     8 | D        | Reached skill level 9 in Stealth
     8 | D        | Reached XP level 2. HP: 18/20 MP: 2/2
     8 | D        | Reached XP level 3. HP: 22/25 MP: 3/3
    10 | D        | Noticed an ogre
    13 | D        | Killed an ogre
    13 | D        | Reached skill level 12 in Stealth
    13 | D        | Reached XP level 4. HP: 26/31 MP: 4/4
    15 | D        | Noticed Sigmund
    18 | D        | Killed Sigmund
    18 | D        | Reached skill level 15 in Stealth
    18 | D        | Reached XP level 5. HP: 29/37 MP: 5/5
    18 | D        | Reached XP level 6. HP: 33/43 MP: 6/6
    26 | D        | Found a deep blue altar of Sif Muna.
    27 | D        | Noticed a jelly
    28 | D        | Found a radiant altar of Vehumet.
    32 | D        | Killed a jelly
    43 | D        | Found a snail-covered altar of Cheibriados.
    43 | D        | Found a viscous altar of Jiyva.
    43 | D        | Found a shadowy altar of Dithmenos.
    43 | D        | Found a blossoming altar of Fedhas.
    43 | D        | Noticed a slime creature
    46 | D        | Killed a slime creature
    46 | D        | Reached skill level 5 in Short Blades
    46 | D        | Reached skill level 17 in Stealth
    46 | D        | Reached XP level 7. HP: 41/49 MP: 7/7
   106 | D        | Found Feuwniots's Gadget Emporium.
   106 | D        | Found a white marble altar of Elyvilon.
   106 | D        | Found a stormy altar of Qazlal.
   106 | D        | Found a burning altar of Makhleb.
   106 | D        | Found a sacrificial altar of Ru.
   106 | D        | Found a basalt altar of Yredelemnul.
   106 | D        | Found a glowing golden altar of the Shining One.
   106 | D        | Found a sparkling altar of Nemelex Xobeh.
   106 | D        | Found a shimmering altar of Xom.
   106 | D        | Found an opulent altar of Gozag.
   106 | D        | Found an ancient bone altar of Kikubaaqudgha.
   106 | D        | Found a glowing silver altar of Zin.
   106 | D        | Noticed a yak
   107 | D        | Found an iron altar of Okawaru.
   108 | D        | Killed a yak
   108 | D        | Reached skill level 5 in Fighting
   109 | D        | Found a bloodstained altar of Trog.
   127 | D        | Became a worshipper of Yredelemnul the Dark
   136 | D        | Noticed Sonja
   140 | D        | Killed Sonja
   140 | D        | Reached skill level 20 in Stealth
   140 | D        | Reached XP level 8. HP: 56/56 MP: 8/8
   148 | D        | Noticed a deep troll
   152 | D        | Killed a deep troll
   152 | D        | Reached skill level 5 in Throwing
   152 | D        | Reached skill level 21 in Stealth
   152 | D        | Reached XP level 9. HP: 60/62 MP: 9/9
   160 | D        | Noticed a centaur warrior
   160 | D        | Noticed a centaur warrior
   182 | D        | Shot with an arrow by a centaur warrior

Vault maps used:
D:        dungeon_sprint_1

Action                   |  1- 3 |  4- 6 |  7- 9 || total
-------------------------+-------+-------+-------++-------
Melee: Dagger            |     4 |     3 |     3 ||    10
 Fire: Blowgun           |       |       |     2 ||     2
  Use: Potion            |       |       |     1 ||     1
 Stab: Sleeping          |     2 |     3 |     3 ||     8
